 Dungeon Crawl Stone Soup version 0.30-a0-634-g8abc85282e (webtiles) character file.

Game seed: 15824998568027152371

300 bande the Chopper (level 6, 0/38 HPs)
             Began as a Gargoyle Fighter on Jan 15, 2023.
             Slain by an orc priest
             ... wielding a +0 club
              (3 damage)
             ... on level 3 of the Dungeon.
             The game lasted 00:04:15 (2223 turns).

bande the Chopper (Gargoyle Fighter)                Turns: 2223, Time: 00:04:16

Health: 0/38       AC: 16    Str: 20    XL:     6   Next: 36%
Magic:  6/6        EV:  7    Int:  8    God:
Gold:   213        SH:  4    Dex: 11    Spells: 3/5 levels left

rFire   . . .      SeeInvis .    a - +0 war axe
rCold   . . .      Faith    .    c - +0 buckler
rNeg    + . .      Spirit   .    k - +0 chain mail
rPois   ∞          Reflect  .    (no helmet)
rElec   +          Harm     .    g - +1 cloak {Will+}
rCorr   .          Rampage  .    (no gloves)
Will    +....                    (no boots) Stlth
                                 (no amulet)
HPRegen 0.26/turn                (no ring)
MPRegen 0.10/turn                (no ring)

@: studying Axes
A: sickness immunity, AC +4, negative energy resistance 1, electricity
resistance, torment resistance 1, petrification resistance
a: no special abilities


You were on level 3 of the Dungeon.
You visited 1 branch of the dungeon, and saw 3 of its levels.
You also visited: Sewer.

You collected 213 gold pieces.

Inventory:

Hand Weapons
 a - a +0 war axe (weapon)
 b - a +1 flail of protection
Armour
 c - a +0 buckler (worn)
 g - a +1 cloak of willpower (worn)
 k - a +0 chain mail (worn)
Jewellery
 n - a ring of fire
Scrolls
 f - 2 scrolls of teleportation
 h - a scroll of identify
 j - a scroll of enchant weapon {unknown}
 l - 2 scrolls of fear
Potions
 d - 2 potions of might
 e - a potion of flight {unknown}
 i - 2 potions of curing


   Skills:
 + Level 4.0 Fighting
 + Level 4.8 Axes
 + Level 4.3 Armour
 - Level 0.1 Dodging
 + Level 3.9 Shields
 * Level 1.9 Translocations


You had 3 spell levels left.
You knew the following spells:

 Your Spells              Type           Power      Damage    Failure   Level
a - Blink                 Tloc           6%         N/A       98%         2

Your spell library contained the following spells:

 Spells                   Type           Power      Damage    Failure   Level
 Summon Small Mammal      Summ           0%         N/A       99%         1
 Momentum Strike          Conj/Tloc      2%         3d8       99%         2
 Call Canine Familiar     Summ           0%         N/A       100%        3
 Gell's Gravitas          Tloc           3%         N/A       100%        3
 Lesser Beckoning         Tloc           6%         N/A       100%        3
 Summon Guardian Golem    Hex/Summ       0%         N/A       100%        3
 Teleport Other           Tloc           3%         N/A       100%        3


Dungeon Overview and Level Annotations

Branches:
Dungeon (3/15)              Sewer (visited)

Altars:
Nemelex Xobeh
The Shining One


Innate Abilities, Weirdness & Mutations

You are immune to sickness and miasma.
Your stone body is resilient. (AC +4)
You are immune to poison.
You resist negative energy. (rN+)
You are resistant to electric shocks. (rElec)
You are resistant to unholy torment.
You are immune to petrification.


Message History

The orc priest completely misses you.
You hit the orc priest.
The orc priest is lightly wounded.
The orc priest hits you with a +0 club.
You barely miss the orc priest.
The orc priest is lightly wounded.
The orc priest invokes the aid of Beogh against you.
Beogh smites you!
You hit the orc.
The orc is almost dead.
You block the orc's attack.
You closely miss the orc.
The orc is almost dead.
You slash the orc!
You kill the orc!
You block the orc priest's attack.
You hit the orc priest.
The orc priest is heavily wounded.
The orc priest invokes the aid of Beogh against you.
Beogh smites you!
* * * LOW HITPOINT WARNING * * *
You are too injured to fight recklessly!
You are too injured to fight recklessly!
You are too injured to fight recklessly!
You are too injured to fight recklessly!
You are too injured to fight recklessly!
You are too injured to fight recklessly!
You are too injured to fight recklessly!
You are too injured to fight recklessly!
You are too injured to fight recklessly!
You are too injured to fight recklessly!
You closely miss the orc priest.
The orc priest is heavily wounded.
The orc priest miscasts a cantrip.
The orc priest hits you with a +0 club.
* * * LOW HITPOINT WARNING * * *
You hit the orc priest.
The orc priest is severely wounded.
The orc priest hits you with a +0 club.
You die...

##..# ############### ###.#
#.............. ##...##
#..#...#...#.). #.....# #+#
#_............. #.....# #.#
#..#...#...#... #..<..## #.#
#...........[..
.......######.###################
.##.##.........#)o....# .
#.##.####....)@# .
#.##[#####...#.# #...).....[....#
####.######.#### #.# #.#
.#####.######.# ..............#
###############


You could see an orc priest.

Vanquished Creatures
  A water moccasin (Sewer)
  An orc priest (D:3)
  Crazy Yiuf (D:2)
  Jessica (D:2)
  An iguana (D:3)
  An adder (D:2)
  2 river rats (D:3)
  2 dart slugs (D:1)
  2 orcs (D:3)
  4 ball pythons
  5 bats
  4 endoplasms
  3 giant cockroaches
  6 goblins
  6 hobgoblins
  8 jackals (D:1)
  2 kobolds
  3 quokkas (D:1)
  A frilled lizard (D:2)
  4 rats
58 creatures vanquished.

Vanquished Creatures (others)
  2 plants (D:1)
2 creatures vanquished.

Grand Total: 60 creatures vanquished

Notes
Turn   | Place    | Note
-------+----------+-------------------------------------------
     0 | D:1      | bande the Gargoyle Fighter began the quest for the Orb.
     0 | D:1      | Reached XP level 1. HP: 14/14 MP: 1/1
    47 | D:1      | Reached XP level 2. HP: 19/19 MP: 2/2
   164 | D:1      | Reached XP level 3. HP: 20/24 MP: 3/3
   196 | D:1      | Learned a level 2 spell: Blink
   967 | D:2      | Noticed Jessica
   974 | D:2      | Killed Jessica
   975 | D:2      | Reached XP level 4. HP: 21/29 MP: 4/4
  1132 | D:2      | Found a runed translucent door.
  1133 | D:2      | Noticed Crazy Yiuf
  1163 | D:2      | Reached skill level 1 in Translocations
  1285 | D:2      | Found a faded altar of an unknown god.
  1625 | D:2      | HP: 1/29 [Crazy Yiuf/+2 quarterstaff of chaos (7)]
  1628 | D:2      | Killed Crazy Yiuf
  1629 | D:2      | Reached XP level 5. HP: 22/33 MP: 5/5
  1723 | D:3      | Identified a scroll of acquirement
  1723 | D:3      | Acquired a manual of Axes
  1743 | D:3      | Found a glowing drain.
  1752 | Sewer    | Entered a sewer
  1817 | Sewer    | Noticed a water moccasin
  1826 | Sewer    | Killed a water moccasin
  1827 | Sewer    | Reached XP level 6. HP: 38/38 MP: 6/6
  1941 | D:3      | Found a sparkling altar of Nemelex Xobeh.
  2047 | D:3      | Found a glowing golden altar of the Shining One.
  2223 | D:3      | Slain by an orc priest

Illustrated notes

Levels and vault maps discovered:
D:1:      onia_arrival_pentagram, layout_loops_ring, serial_forest,
          infiniplex_forest_lined_2, infiniplex_forest_straight_1,
          infiniplex_forest_lined_corner, infiniplex_forest_clump_curved,
          infiniplex_forest_straight_4, infiniplex_forest_lined_room_2,
          infiniplex_forest_join, infiniplex_forest_corner_1
D:2:      layout_basic, ebering_ecumenical_altar_rust, nicolae_titane,
          uniq_jessica, uniq_crazy_yiuf_cottage
D:3:      layout_loops_corners, nemelex_xobeh_ov_fountains_minmay,
          lemuel_coloured_pillars_altar, portal_sewer_entry_a

Skill      XL: |  1  2  3  4  5 |
---------------+----------------+-----
Axes           | 2 3 4 |  4.8
Translocations | 1 |  1.9
Fighting       | 4 |  4.0
Armour         | 4 |  4.3
Dodging        | |  0.1
Shields        | |  3.9

Action                   |  1- 3 |  4- 6 || total
-------------------------+-------+-------++-------
Melee: War axe           |    77 |    77 ||   154
  Use: Potion            |       |     2 ||     2
       Scroll            |       |     6 ||     6
Armor: Scale mail        |    38 |    27 ||    65
       Chain mail        |       |    13 ||    13
Dodge: Dodged            |    33 |    43 ||    76
Block: Buckler           |    19 |    18 ||    37

Table legend: (Time is in decaauts)
 A = Elapsed time spent in this place.
 B = Non-inter-level travel time spent in this place.
 C = Inter-level travel time spent in this place.
 D = Time resting spent in this place.
 E = Time spent auto-exploring this place.
 F = Levels seen in this place.
 G = Mean time per level.
                   A        B        C        D        E       F      G
               +--------+--------+--------+--------+--------+-----+--------+
         Total |   2279 |   2195 |     84 |     17 |   1709 |   4 |  569.8 |
       Dungeon |   2120 |   2036 |     84 |     17 |   1590 |   3 |  706.7 |
         Sewer |    158 |    158 |      0 |      0 |    119 |   1 |  158.0 |
               +--------+--------+--------+--------+--------+-----+--------+

Top non-repeatable levels by time:
     D:1: 928 daAuts
     D:2: 823 daAuts
     D:3: 368 daAuts
   Sewer: 158 daAuts
